 Dungeon Crawl Stone Soup version 0.29.0-4-gdea44cf6ec (webtiles) character file.

Game seed: 7614439451292388926

91 qw the Chopper (level 4, -1/26 HPs)
             Began as a Tengu Warper on Aug 28, 2022.
             Slain by a water moccasin (4 damage)
             ... on level 4 of the Dungeon on Aug 29, 2022.
             The game lasted 00:01:10 (3475 turns).

qw the Chopper (Tengu Warper)                       Turns: 3475, Time: 00:01:11

Health: -1/26      AC:  6    Str: 13    XL:     4   Next: 57%
Magic:  0/8        EV: 11    Int: 13    God:
Gold:   174        SH:  0    Dex: 14    Spells: 7/7 levels left

rFire   . . .      SeeInvis .   Y - +1 hand axe
rCold   . . .      Faith    .   (no shield)
rNeg    + . .      Spirit   +   h - +0 ring mail
rPois   +          Reflect  .   (helmet restricted)
rElec   .          Harm     .   (no cloak)
rCorr   +          Rampage  .   l - +0 pair of gloves
Will    +....                   (boots unavailable)
Stlth   +.........              d - amulet of guardian spirit
HPRegen 0.08/turn               f - ring of Idealism {rPois rN+ Will+ rCorr}
MPRegen 0.11/turn               (no ring)

@: lethally poisoned (-1 -> -12)
A: beak, talons 3
a: no special abilities


You were on level 4 of the Dungeon.
You visited 1 branch of the dungeon, and saw 4 of its levels.

You collected 174 gold pieces.


Innate Abilities, Weirdness & Mutations

You have a beak for a mouth.
You have claws for feet.


   Skills:
 - Level 2.0 Fighting
 + Level 5.1 Axes
 - Level 1.0 Throwing
 - Level 1.1 Armour
 - Level 2.1 Dodging
 - Level 2.0 Spellcasting
 - Level 2.4 Translocations


You had 7 spell levels left.
You didn't know any spells.
Your spell library contained the following spells:

 Spells                   Type           Power      Damage    Failure   Level
 Blink                    Tloc           14%        N/A       30%         2
 Gell's Gravitas          Tloc           7%         N/A       52%         3
 Lesser Beckoning         Tloc           7%         N/A       52%         3
 Teleport Other           Tloc           7%         N/A       52%         3
 Manifold Assault         Tloc           7%         N/A       99%         5

Inventory:

Hand Weapons
 k - a +0 flail
 Y - a +1 hand axe (weapon)
Armour
 h - a +0 ring mail (worn)
 j - a +1 leather armour of fire resistance
 l - a +0 pair of gloves (worn)
Jewellery
 d - an amulet of guardian spirit (around neck)
 f - the ring of Idealism (left hand) {rPois rN+ Will+ rCorr}
   (You found it on level 2 of the Dungeon)

   [ring of positive energy]

   rPois:     It protects you from poison.
   rN:        It protects you from negative energy.
   rCorr:     It protects you from acid and corrosion.
   Will:      It increases your willpower.
Scrolls
 a - a scroll of teleportation
 g - a scroll of identify
Potions
 b - a potion of curing
 i - a potion of heal wounds
 m - a potion of haste
 n - a potion of attraction {unknown}

Dungeon Overview and Level Annotations

Branches:
Dungeon (4/15)
 Temple: D:4-7

Altars:
Hepliaklqana

Shops:
D:4 *

Annotations:
D:2 1 runed translucent door, Crazy Yiuf


Message History

Enter note: You now have 174 gold pieces (gained 9).
You see here 7 stones.
You see here 7 stones.
You open the door.
An adder and a water moccasin come into view.
The adder hisses angrily.
The water moccasin hisses angrily.
The water moccasin bites you.
Enter note: You barely miss the water moccasin.
Your kick misses the water moccasin. You peck the water moccasin.
The water moccasin is lightly wounded.
The water moccasin closely misses you.
You closely miss the water moccasin.
You claw the water moccasin, but do no damage.
Your peck misses the water moccasin.
The water moccasin is lightly wounded.
The water moccasin bites you!
You hit the water moccasin but do no damage.
Your kick misses the water moccasin.
The water moccasin is lightly wounded.
The water moccasin barely misses you. The adder barely misses you.
You closely miss the water moccasin. Your kick misses the water moccasin.
The water moccasin is lightly wounded.
You miss the adder. The water moccasin bites you.
You are lethally poisoned!
The water moccasin poisons you! The adder closely misses you.
The water moccasin bites you.
You barely miss the water moccasin.
The water moccasin is lightly wounded.
You hit the adder.
You feel very sick. The adder closely misses you. The water moccasin bites you.
You barely miss the water moccasin.
The water moccasin is lightly wounded.
You closely miss the adder.
You feel very sick. The adder bites you but does no damage.
The water moccasin bites you.
You die...

#.#.#. ## #.#.#.# #.#
#.#.#.#. ##+##
##.#.#.#.#.# #...#
#.#.#.#.#.#.
#.\.#####.#.#.#.#.#
...#....#.#.#.#.#.
###S##...#.#.#.#.#.#
#.(@S...?....+.....#
###.####.......##...##
#.....############..).
#.....# #######..##
#.....# #..........
#.....# #..........
+.....# #..........
#.....# #..........
#.....# #.......###


You could see a water moccasin and an adder.

Vanquished Creatures
  An adder (D:3)
  2 dart slugs
  5 orcs
  5 ball pythons
  5 endoplasms
  2 giant cockroaches (D:1)
  6 hobgoblins
  7 jackals
  2 quokkas (D:3)
  6 bats
  5 frilled lizards
  8 goblins
  7 kobolds
  8 rats
69 creatures vanquished.

Notes
Turn   | Place    | Note
-------+----------+-------------------------------------------
     0 | D:1      | qw the Tengu Warper began the quest for the Orb.
     0 | D:1      | Reached XP level 1. HP: 12/12 MP: 4/4
     0 | D:1      | 0 ||| qw: Version: 0.1-a-89-g26bdef1
     0 | D:1      | 0 ||| qw: Game counter: 3425
     0 | D:1      | 0 ||| qw: Always use a shield: true
     0 | D:1      | 0 ||| qw: God list: Okawaru
     0 | D:1      | 0 ||| qw: Allow faded altars: false
     0 | D:1      | 0 ||| qw: Do Orc after D:15 true
     0 | D:1      | 0 ||| qw: Do second Lair branch before Depths: true
     0 | D:1      | 0 ||| qw: Lair rune preference: random
     0 | D:1      | 0 ||| qw: Plans: Normal
     0 | D:1      | 0 ||| PLANNING D:1-11
   344 | D:1      | Reached XP level 2. HP: 17/17 MP: 6/6
   363 | D:1      | Reached skill level 3 in Axes
   649 | D:1      | 649 ||| Stepping ~*~*~tactically~*~*~ (hiding).
   852 | D:1      | 852 ||| Stepping ~*~*~tactically~*~*~ (stealth).
   859 | D:1      | Reached XP level 3. HP: 21/21 MP: 7/7
   953 | D:1      | Reached skill level 4 in Axes
  1309 | D:1      | 1309 ||| UPGRADING to +3 leather armour.
  1319 | D:1      | 1319 ||| DROPPING +0 leather armour.
  1320 | D:1      | 1320 ||| UPGRADING to +0 ring mail.
  1330 | D:1      | 1330 ||| DROPPING +3 leather armour.
  1331 | D:1      | 1331 ||| READING scroll labelled OGERUINEPN.
  1332 | D:1      | 1332 ||| READING 3 scrolls labelled WUX KICETAOCA.
  1333 | D:1      | 1333 ||| READING scroll labelled VEWYAF TETWELI.
  1337 | D:1      | 1337 ||| DROPPING scroll of blinking.
  1508 | D:2      | 1508 ||| Stepping ~*~*~tactically~*~*~ (stealth).
  1510 | D:2      | 1510 ||| Stepping ~*~*~tactically~*~*~ (stealth).
  1778 | D:2      | 1778 ||| Stepping ~*~*~tactically~*~*~ (stealth).
  1780 | D:2      | 1780 ||| Stepping ~*~*~tactically~*~*~ (stealth).
  1785 | D:2      | 1785 ||| Stepping ~*~*~tactically~*~*~ (stealth).
  1799 | D:2      | Identified the ring of Idealism {rPois rN+ Will+ rCorr}
  1926 | D:2      | Found a runed translucent door.
  1927 | D:2      | Noticed Crazy Yiuf
  2266 | D:2      | 2266 ||| UPGRADING to amulet of guardian spirit.
  2271 | D:2      | 2271 ||| UPGRADING to ring of Idealism {rPois rN+ Will+
                  | rCorr}.
  2272 | D:2      | 2272 ||| READING scroll labelled TIRAODDAEVA.
  2273 | D:2      | 2273 ||| READING 3 scrolls of identify.
  2273 | D:2      | 2273 ||| IDENTIFYING white potion
  2274 | D:2      | 2274 ||| READING 2 scrolls of identify.
  2274 | D:2      | 2274 ||| IDENTIFYING yellow potion
  2275 | D:2      | 2275 ||| DROPPING potion of lignification.
  2276 | D:2      | 2276 ||| DROPPING potion of invisibility.
  2330 | D:3      | Reached XP level 4. HP: 26/26 MP: 8/8
  2508 | D:3      | 2508 ||| Stepping ~*~*~tactically~*~*~ (stealth).
  2520 | D:3      | 2520 ||| Stepping ~*~*~tactically~*~*~ (stealth).
  2536 | D:3      | 2536 ||| Stepping ~*~*~tactically~*~*~ (stealth).
  2730 | D:3      | Found a faded altar of an unknown god.
  2871 | D:3      | 2871 ||| Stepping ~*~*~tactically~*~*~ (stealth).
  2878 | D:3      | Reached skill level 5 in Axes
  2908 | D:3      | 2908 ||| DROPPING +0 whip.
  3306 | D:3      | 3306 ||| Stepping ~*~*~tactically~*~*~ (stealth).
  3366 | D:3      | Found a hazy altar of Hepliaklqana.
  3371 | D:3      | 3371 ||| UPGRADING to +0 pair of gloves.
  3376 | D:3      | 3376 ||| READING scroll labelled VIAHESTROCLU.
  3377 | D:3      | 3377 ||| READING scroll labelled QIAS PAUNE.
  3378 | D:3      | 3378 ||| DRINKING 2 amethyst potions.
  3379 | D:3      | 3379 ||| READING 3 scrolls of identify.
  3379 | D:3      | 3379 ||| IDENTIFYING murky sapphire potion
  3380 | D:3      | 3380 ||| READING 2 scrolls of identify.
  3380 | D:3      | 3380 ||| IDENTIFYING purple potion
  3469 | D:4      | Found Ofyston's Serpentskin Sales.
  3469 | D:4      | Noticed a water moccasin
  3475 | D:4      | HP: 3/26 [poisoned by a water moccasin]
  3475 | D:4      | Slain by a water moccasin

Levels and vault maps discovered:
D:1:      kennysheep_arrival_seaside, layout_basic
D:2:      layout_loops_cross, uniq_crazy_yiuf_cottage
D:3:      layout_loops_ring, nicolae_hepliaklqana_hippocampus,
          hellmonk_ecumenical_altar_leap_of_faith, grunt_decor_clamped
D:4:      layout_basic, minivault_23, guppyfry_shop_venom

Skill      XL: |  1  2  3  4 |
---------------+-------------+-----
Axes           | 3 4 5 |  5.1
Fighting       | |  2.0
Throwing       | |  1.0
Armour         | |  1.1
Dodging        | |  2.1
Spellcasting   | |  2.0
Translocations | |  2.4

Action                   |  1- 3 |  4- 6 || total
-------------------------+-------+-------++-------
Melee: Hand axe          |    85 |    71 ||   156
       Kick              |    18 |    14 ||    32
       Peck              |    14 |     7 ||    21
Throw: Boomerang         |     7 |       ||     7
  Use: Scroll            |     6 |     4 ||    10
       Potion            |       |     1 ||     1
Armor: Leather armour    |     4 |       ||     4
       Ring mail         |     3 |    18 ||    21
Dodge: Dodged            |    40 |    37 ||    77

Table legend:
 A = Non-vault XP
 B = Vault XP
 C = Vault XP percentage of total XP
 D = Non-vault monster count
 E = Vault monster count
 F = Vault count percentage of total count
                 A         B        C        D         E       F
            +---------+---------+-------+---------+---------+-------
      Total |     130 |       0 |   0.0 |      69 |       0 |   0.0
            +---------+---------+-------+---------+---------+-------
        D:1 |      52 |       0 |   0.0 |      33 |       0 |   0.0
        D:2 |      29 |       0 |   0.0 |      15 |       0 |   0.0
        D:3 |      46 |       0 |   0.0 |      19 |       0 |   0.0
        D:4 |       3 |       0 |   0.0 |       2 |       0 |   0.0
            +---------+---------+-------+---------+---------+-------
